 Dungeon Crawl Stone Soup version 0.30.0-10-gfe55d96785 (webtiles) character file.

Game seed: 8336434860711379970

1078 Majang the Skirmisher (level 8, 0/64 HPs)
             Began as a Gnoll Hunter on May 15, 2023.
             Slain by a black bear (6 damage)
             ... on level 5 of the Dungeon on May 16, 2023.
             The game lasted 00:31:41 (4726 turns).

Majang the Skirmisher (Gnoll Hunter)                Turns: 4726, Time: 00:31:43

Health: 0/64       AC:  8    Str: 10    XL:     8   Next: 29%
Magic:  12/12      EV: 13    Int: 10    God:
Gold:   404        SH:  0    Dex: 17    Spells: 9/13 levels left

rFire   . . .        a - +0 shortbow
rCold   . . .        (shield currently unavailable)
rNeg    . . .        v - +0 ring mail
rPois   .            (no helmet)
rElec   .            s - +2 cloak
rCorr   .            (no gloves)
SInv    .            (no boots)
Will    .....        j - amulet of the acrobat
Stlth   ++           (no ring)
HPRegen 0.30/turn    (no ring)
MPRegen 0.13/turn

%: acrobat
@: no status effects
A: fangs 1, strong nose, distributed training
a: no special abilities


You were on level 5 of the Dungeon.
You visited 1 branch of the dungeon, and saw 6 of its levels.

You collected 404 gold pieces.

Inventory:

Hand Weapons
 a - a +0 shortbow (weapon)
 l - a +2 short sword of venom
 t - a +0 flail
Armour
 c - a +0 leather armour
 s - a +2 cloak (worn)
 v - a +0 ring mail (worn)
Jewellery
 j - an amulet of the acrobat (around neck)
 p - an amulet of regeneration
Wands
 d - a wand of flame (9)
 i - a wand of acid (12)
 n - a wand of polymorph (3)
Scrolls
 b - 3 scrolls of immolation
 q - 2 scrolls of teleportation
Potions
 e - 7 potions of curing
 f - 4 potions of cancellation
 g - 2 potions of lignification
 h - a potion of invisibility
 m - a potion of mutation
 o - a potion of attraction {unknown}
 u - a potion of brilliance {unknown}


   Skills:
 + Level 5.7 Fighting
 + Level 3.2 Short Blades
 + Level 3.2 Long Blades
 + Level 3.2 Axes
 + Level 3.2 Maces & Flails
 + Level 3.2 Polearms
 + Level 3.2 Staves
 + Level 9.2 Ranged Weapons
 + Level 3.2 Throwing
 + Level 3.2 Armour
 + Level 5.7 Dodging
 + Level 4.1 Stealth
 + Level 3.2 Shields
 + Level 3.2 Unarmed Combat
 + Level 3.2 Spellcasting
 + Level 2.6 Conjurations
 + Level 2.6 Hexes
 + Level 2.6 Summonings
 + Level 2.6 Necromancy
 + Level 2.6 Translocations
 + Level 2.6 Transmutations
 + Level 2.6 Fire Magic
 + Level 2.6 Ice Magic
 + Level 2.6 Air Magic
 + Level 2.6 Earth Magic
 + Level 2.6 Poison Magic
 + Level 3.6 Invocations
 + Level 3.2 Evocations


You had 9 spell levels left.
You knew the following spells:

 Your Spells              Type           Power      Damage    Failure   Level
t - Blink                 Tloc           12%        N/A       34%         2
w - Passwall              Tmut/Erth      5%         N/A       34%         2

Your spell library contained the following spells:

 Spells                   Type           Power      Damage    Failure   Level
 Ensorcelled Hibernation  Hex/Ice        12%        N/A       34%         2
 Lesser Beckoning         Tloc           12%        N/A       34%         2
 Momentum Strike          Conj/Tloc      12%        3d8       34%         2
 Swiftness                Air            6%         N/A       56%         3


Dungeon Overview and Level Annotations

Branches:
Dungeon (6/15)
 Temple: D:4-7

Altars:
Fedhas
Makhleb
Qazlal
Wu Jian


Innate Abilities, Weirdness & Mutations

You have very sharp teeth.
Your uncanny sense of smell can sniff out nearby items.
Your experience applies equally to all skills.


Message History

You shoot an arrow. The arrow barely misses the black bear.
Fire: a) +0 shortbow
Press: ? - help, Q - select action, (/) - cycle Shift-Dir - straight line, f/p - black bear
Aim: a black bear (lightly wounded, 72% to hit)
You shoot an arrow. The arrow hits the black bear!
The black bear is heavily wounded.
Fire: a) +0 shortbow
Press: ? - help, Q - select action, (/) - cycle Shift-Dir - straight line, f/p - black bear
Aim: a black bear (heavily wounded, 72% to hit)
You shoot an arrow. The arrow hits the black bear!
The black bear is severely wounded.
The black bear goes berserk!
Fire: a) +0 shortbow
Press: ? - help, Q - select action, (/) - cycle Shift-Dir - straight line, f/p - black bear
Aim: a black bear (severely wounded, berserk, 72% to hit)
You shoot an arrow. The arrow hits the black bear.
The black bear is severely wounded.
Unknown command.
Fire: a) +0 shortbow
Press: ? - help, Q - select action, (/) - cycle Shift-Dir - straight line, f/p - black bear
Aim: a black bear (severely wounded, berserk, 72% to hit)
You shoot an arrow. The arrow hits the black bear.
The black bear is almost dead.
The black bear bites you. The black bear claws you.
The black bear barely misses you. x2; The black bear claws you.
* * * LOW HITPOINT WARNING * * *
The black bear claws you but does no damage.
Fire: a) +0 shortbow
Press: ? - help, Q - select action, (/) - cycle Shift-Dir - straight line, f/p - black bear
Aim: a black bear (almost dead, berserk, 72% to hit)
You shoot an arrow.
The arrow closely misses the black bear.
The black bear bites you.
* * * LOW HITPOINT WARNING * * *
The black bear claws you but does no damage. x2
The black bear bites you!
* * * LOW HITPOINT WARNING * * *
The black bear claws you but does no damage.
The black bear claws you.
You die...

#.'.#.#.#.##..#####.# ##.#####
#.#....#...#........# #.#
..#...#....#.#####..# #.#
..#8...#..8#........# #.#
#..###'####..#####.## #.#
#............# #.# #.# ##
#.###.#..##.## #.# ##^# #.
#........##.######.#######..####.
...........>...h@.........#......
#.###.#..##)######.......###.##.#
#.###.#..##.## #.#####..#......
...##.#..#...## #.......#.####.#
..............# #########.# #..
#..##....#...## #.# #..
#.)##.##.##.## #.# ##.
#..##.##.#### #.# ##
#..#######################.######


You could see a black bear (berserk).

Vanquished Creatures
  Eustachio (D:5)
  A yak (D:5)
  Menkaure (D:5)
  An orc warrior (D:5)
  An ogre (D:5)
  A scorpion (D:5)
  A howler monkey (D:5)
  A jelly (D:6)
  2 hounds (D:5)
  3 sleepcaps
  Natasha (D:3)
  5 gnolls
  7 adders
  A white imp (D:6)
  An ufetubus (D:5)
  4 worms (D:2)
  3 dart slugs
  9 orcs
  9 ball pythons
  6 bats
  7 endoplasms
  A giant cockroach (D:2)
  12 hobgoblins
  4 jackals (D:2)
  3 quokkas
  3 frilled lizards (D:1)
  6 goblins
  6 kobolds
  3 rats (D:2)
104 creatures vanquished.

Notes
Turn   | Place    | Note
-------+----------+-------------------------------------------
     0 | D:1      | Majang the Gnoll Hunter began the quest for the Orb.
     0 | D:1      | Reached XP level 1. HP: 20/20 MP: 1/1
   186 | D:1      | Reached XP level 2. HP: 26/26 MP: 2/2
   689 | D:1      | Reached XP level 3. HP: 31/31 MP: 3/3
   946 | D:2      | Reached skill level 1 in Invocations
  1167 | D:2      | Reached skill level 1 in Short Blades
  1167 | D:2      | Reached skill level 1 in Long Blades
  1167 | D:2      | Reached skill level 1 in Axes
  1167 | D:2      | Reached skill level 1 in Maces & Flails
  1167 | D:2      | Reached skill level 1 in Polearms
  1167 | D:2      | Reached skill level 1 in Staves
  1167 | D:2      | Reached skill level 1 in Throwing
  1167 | D:2      | Reached skill level 1 in Armour
  1167 | D:2      | Reached skill level 1 in Shields
  1167 | D:2      | Reached skill level 1 in Unarmed Combat
  1167 | D:2      | Reached skill level 1 in Spellcasting
  1167 | D:2      | Reached skill level 1 in Evocations
  1198 | D:2      | Found a faded altar of an unknown god.
  1324 | D:2      | Reached XP level 4. HP: 38/38 MP: 5/5
  1375 | D:2      | Learned a level 2 spell: Blink
  1468 | D:2      | Reached skill level 1 in Conjurations
  1468 | D:2      | Reached skill level 1 in Hexes
  1468 | D:2      | Reached skill level 1 in Summonings
  1468 | D:2      | Reached skill level 1 in Necromancy
  1468 | D:2      | Reached skill level 1 in Translocations
  1468 | D:2      | Reached skill level 1 in Transmutations
  1468 | D:2      | Reached skill level 1 in Fire Magic
  1468 | D:2      | Reached skill level 1 in Ice Magic
  1468 | D:2      | Reached skill level 1 in Air Magic
  1468 | D:2      | Reached skill level 1 in Earth Magic
  1468 | D:2      | Reached skill level 1 in Poison Magic
  1939 | D:3      | Learned a level 2 spell: Passwall
  2107 | D:3      | Reached XP level 5. HP: 43/43 MP: 5/7
  2198 | D:3      | Noticed Natasha
  2206 | D:3      | Killed Natasha
  2317 | D:3      | Found a burning altar of Makhleb.
  3057 | D:4      | Found a blossoming altar of Fedhas.
  3258 | D:5      | Entered Level 5 of the Dungeon
  3312 | D:5      | Reached skill level 5 in Fighting
  3312 | D:5      | Reached skill level 5 in Dodging
  3312 | D:5      | Reached XP level 6. HP: 51/51 MP: 8/8
  3450 | D:5      | Noticed a yak
  3489 | D:5      | Killed a yak
  3490 | D:5      | Reached XP level 7. HP: 34/56 MP: 10/10
  3582 | D:5      | Noticed Eustachio
  3582 | D:5      | Noticed Menkaure
  3694 | D:5      | Found a stormy altar of Qazlal.
  3796 | D:5      | Found an ornate altar of the Wu Jian Council.
  3932 | D:5      | Killed Eustachio
  3933 | D:5      | Reached skill level 9 in Ranged Weapons
  4053 | D:5      | Killed Menkaure
  4054 | D:5      | Reached XP level 8. HP: 22/63 MP: 12/12
  4637 | D:5      | HP: 1/63 [orc warrior/+0 halberd (11)]
  4726 | D:5      | Slain by a black bear

Illustrated notes

Levels and vault maps discovered:
D:1:      minmay_arrival_split_and_join, layout_basic, serial_bayou_lagoon_a
D:2:      minmay_inner_zag, layout_loops_ring, shapermc_ecumenical_altar_gd,
          minmay_unequal
D:3:      layout_basic, bloody_makhleb, st_stairs_12, uniq_natasha
D:4:      layout_basic, kennysheep_little_box
D:5:      layout_loops_ring, mainiacjoe_overflow_concentric_impassable,
          lemuel_coloured_pillars_altar, minivault_1, hangedman_minor_gate_pass,
          uniq_menkaure, uniq_eustachio
D:6:      layout_loops_ring, mainiacjoe_overflow_24_doors, minmay_shop_damaged

Skill      XL: |  1  2  3  4  5  6  7  8 |
---------------+-------------------------+-----
Invocations    | 1 2 3 |  3.6
Short Blades   | 1 2 3 |  3.2
Long Blades    | 1 2 3 |  3.2
Axes           | 1 2 3 |  3.2
Maces & Flails | 1 2 3 |  3.2
Polearms       | 1 2 3 |  3.2
Staves         | 1 2 3 |  3.2
Throwing       | 1 2 3 |  3.2
Armour         | 1 2 3 |  3.2
Shields        | 1 2 3 |  3.2
Unarmed Combat | 1 2 3 |  3.2
Spellcasting   | 1 2 3 |  3.2
Evocations     | 1 2 3 |  3.2
Conjurations   | 1 2 |  2.6
Hexes          | 1 2 |  2.6
Summonings     | 1 2 |  2.6
Necromancy     | 1 2 |  2.6
Translocations | 1 2 |  2.6
Transmutations | 1 2 |  2.6
Fire Magic     | 1 2 |  2.6
Ice Magic      | 1 2 |  2.6
Air Magic      | 1 2 |  2.6
Earth Magic    | 1 2 |  2.6
Poison Magic   | 1 2 |  2.6
Fighting       | 5 |  5.7
Dodging        | 5 |  5.7
Stealth        | 3 4 |  4.1
Ranged Weapons | 9 |  9.2

Action                     |  1- 3 |  4- 6 |  7- 9 || total
---------------------------+-------+-------+-------++-------
   Fire: Shortbow          |    94 |   170 |   127 ||   391
   Cast: Blink             |       |       |     1 ||     1
    Use: Scroll            |       |    11 |     4 ||    15
         Potion            |       |     1 |     1 ||     2
 Armour: Leather armour    |     5 |     7 |       ||    12
         Ring mail         |       |    16 |    29 ||    45
  Dodge: Dodged            |    29 |    59 |    54 ||   142
